 Dungeon Crawl Stone Soup version 0.26-a0-720-g2a1d101370 (webtiles) character file.

Game seed: 14492446811705933564

6299 tbh1313 the Cleaver (level 10, -4/81 HPs)
             Began as a Deep Dwarf Fighter on Oct 21, 2020.
             Was an Elder of Makhleb.
             Slain by a tengu warrior
             ... wielding a +1 bardiche
              (10 damage)
             ... on level 9 of the Dungeon on Nov 2, 2020.
             The game lasted 00:26:48 (6638 turns).

tbh1313 the Cleaver (Deep Dwarf Fighter)            Turns: 6638, Time: 00:26:48

Health: -4/81      AC: 19    Str: 22    XL:     10   Next: 63%
Magic:  0/1        EV:  7    Int: 10    God:    Makhleb [****..]
Gold:   621        SH:  5    Dex: 12    Spells: 9/9 levels left

rFire    + . .     SeeInvis .   J - +1 demon blade (drain)
rCold    . . .     Faith    .   h - +0 buckler
rNeg     + . .     Spirit   +   l - +1 chain mail {rF+}
rPois    +         Reflect  .   k - +0 helmet
rElec    .         Harm     .   m - +2 cloak
rCorr    .         Rampage  .   x - +2 pair of gloves
MR       +....                  w - +1 pair of boots
Stlth    ..........             F - amulet of guardian spirit
HPRegen  0.00/turn              B - ring of positive energy
MPRegen  0.07/turn              z - ring of poison resistance

@: non-regenerating, studying Long Blades
A: damage resistance, heal wounds, sense surroundings 2, no regeneration
a: Heal Wounds, Minor Destruction, Lesser Servant of Makhleb, Major Destruction,
Renounce Religion


You were on level 9 of the Dungeon.
You worshipped Makhleb.
Makhleb was greatly pleased with you.
You visited 1 branch of the dungeon, and saw 9 of its levels.
You also visited: Ossuary.

You collected 621 gold pieces.

Inventory:

Hand Weapons
 a - a +1 war axe
 n - a +0 battleaxe
 J - a +1 demon blade of draining (weapon)
 P - a +2 scimitar of flaming
Armour
 c - a +0 kite shield
 h - a +0 buckler (worn)
 k - a +0 helmet (worn)
 l - a +1 chain mail of fire resistance (worn)
 m - a +2 cloak (worn)
 o - a +0 plate armour
 p - a +1 leather armour of positive energy
 w - a +1 pair of boots (worn)
 x - a +2 pair of gloves (worn)
 U - the +8 chain mail of Foitarol {Rampage rC- Dex+3}
   (You found it on level 9 of the Dungeon)

   It affects your dexterity (+3).
   It makes you vulnerable to cold.
   It bestows one free step when moving towards enemies.
Jewellery
 y - an uncursed ring of ice
 z - a ring of poison resistance (right hand)
 B - a ring of positive energy (left hand)
 E - an uncursed ring of magical power
 F - an amulet of guardian spirit (around neck)
Wands
 r - a wand of paralysis (12)
 s - a wand of random effects (20)
 u - a wand of polymorph (8)
 v - a wand of iceblast (26)
 G - a wand of acid (7)
 O - a wand of disintegration (37)
 R - a wand of digging (7)
Scrolls
 b - 7 scrolls of teleportation
 e - 5 scrolls of remove curse
 f - 3 scrolls of magic mapping
 A - a scroll of fear
 H - 2 scrolls of enchant weapon
 L - 6 scrolls of amnesia
 M - a scroll of blinking
 N - a scroll of identify
Potions
 d - 2 potions of heal wounds
 g - 4 potions of curing
 i - 2 potions of stabbing
 j - 2 potions of flight {unknown}
 q - 2 potions of ambrosia
 t - 2 potions of haste {unknown}
 C - 2 potions of resistance {unknown}
 D - a potion of experience {unknown}
 K - 3 potions of magic {unknown}
 Q - a potion of lignification {unknown}
 S - 2 potions of cancellation {unknown}
Books
 I - a manual of Long Blades
Miscellaneous
 T - a tin of tremorstones (3/3)


   Skills:
 - Level 2.6 Fighting
 + Level 13.0 Long Blades
 - Level 13.4 Axes
 - Level 3.2 Armour
 - Level 5.0 Shields


You had 9 spell levels left.
You didn't know any spells.
Your spell library contained the following spells:

 Spells                   Type           Power        Failure   Level
 Beastly Appendage        Tmut           #.....       97%         1
 Corona                   Hex            #......      97%         1
 Summon Small Mammal      Summ           #...         97%         1
 Call Imp                 Summ           #.......     99%         2
 Slow                     Hex            #.......     99%         2
 Wereblood                Tmut           #.......     99%         2
 Call Canine Familiar     Summ           #.......     100%        3
 Inner Flame              Hex/Fire       #.......     100%        3
 Portal Projectile        Hex/Tloc       #.....       100%        3
 Spider Form              Tmut/Pois      #.........   100%        3
 Summon Guardian Golem    Hex/Summ       #.......     100%        3
 Cause Fear               Hex            #.........   100%        4
 Ice Form                 Ice/Tmut       #.......     100%        4
 Leda's Liquefaction      Hex/Erth       #.........   100%        4
 Summon Ice Beast         Ice/Summ       #.......     100%        4
 Summon Lightning Spire   Summ/Air       #.......     100%        4
 Blade Hands              Tmut           #.........   100%        5


Dungeon Overview and Level Annotations

Branches:
Dungeon (9/15)             Temple (0/1) D:6            Lair (0/6) D:8
Ossuary (visited)
    Orc: D:9-12

Altars:
Makhleb
Nemelex Xobeh
Qazlal
Beogh

Shops:
D:9 :

Annotations:
D:3 3 runed translucent doors, Frask's ghost, amateur DsMo
D:6 Maggie


Innate Abilities, Weirdness & Mutations

You are resistant to damage.
You can heal yourself by infusing magical energy.
You passively map the area around you.
You do not regenerate.


Message History

The cyclops is severely wounded.
The centaur warrior hits you but does no damage.
The cyclops hits you!
You slash the cyclops!
The cyclops is almost dead.
The centaur warrior barely misses you.
The tengu warrior hits you but does no damage.
You hit the cyclops. You drain the cyclops.
You kill the cyclops!
Makhleb accepts your kill.
Your Long Blades skill increases to level 13!
The centaur warrior hits you!
* * * LOW HITPOINT WARNING * * *
The centaur warrior shoots an arrow.
The arrow hits you!
* * * LOW HITPOINT WARNING * * *
You barely miss the centaur warrior.
The centaur warrior hits you but does no damage.
The centaur warrior shoots an arrow.
You block the arrow.
The tengu warrior hits you from afar with a +1 bardiche!
You die...

##....#####.###############......
......# #.#... * * #......
......# #.#... , , ,,*#......
......# #.#... , #...... #####.#
#.#... , * #...... #.# #.##.. *
#...... #.# #..#.Q###, * *#......
#†# #..#cc#.## ,, #...... #####.#
#..##(@).## , #......
......#####...#.#...# *, #......
..............####(########......
##.............##.........#......
.#...#'######...###(.[....'......
.#...#...[..#.....####....#......
.#...#......#........######......
.#...#......+....................
.#...#......#....................


You could see a tengu warrior and 2 centaur warriors.

Levels and vault maps discovered:
D:1:      wander_arrival_fairy_ring, layout_loops_corners
D:2:      layout_basic, chequers_ecumenical_altar_simple
D:3:      layout_loops_ring, biasface_ghost_orc_armoury, bloody_makhleb
D:4:      layout_cave_pools, grunt_ministairs_10
D:5:      layout_cave_pools, uniq_prince_ribbit1
D:6:      layout_basic, marbit_many_paths, minmay_temple_entry_waves,
          uniq_maggie
D:7:      layout_basic, nicolae_ossuary_entry_plus, nemelex_lonely_heart_becter
D:8:      layout_basic, dpeg_oklobed_lair, uniq_harold, uniq_pikel, uniq_erica
D:9:      minmay_sliced_demisemicircle, layout_irregular_city, serial_shops,
          shop_statue, hex_large, uniq_joseph

Notes
Turn   | Place    | Note
-------+----------+-------------------------------------------
     0 | D:1      | tbh1313 the Deep Dwarf Fighter began the quest for the Orb.
     0 | D:1      | Reached XP level 1. HP: 20/20 MP: 1/1
   122 | D:1      | Reached XP level 2. HP: 24/27 MP: 2/2
   994 | D:2      | Reached XP level 3. HP: 28/33 MP: 3/3
  1387 | D:2      | Found a faded altar of an unknown god.
  1608 | D:3      | Found a burning altar of Makhleb.
  1641 | D:3      | Became a worshipper of Makhleb the Destroyer
  1770 | D:3      | Found a runed translucent gate.
  1770 | D:3      | Found a runed translucent gate.
  1770 | D:3      | Found a runed translucent gate.
  1771 | D:3      | Found a roughly hewn altar of Beogh.
  1771 | D:3      | Noticed Frask's ghost (amateur DsMo)
  1772 | D:3      | Identified the +6 ring mail of the Wheelwright {rC+ MR+
                  | Stlth+}
  1811 | D:3      | Reached XP level 4. HP: 33/40 MP: 4/4
  2101 | D:3      | Upgraded the game from 0.26-a0-682-g294304f6e8 to
                  | 0.26-a0-720-g2a1d101370
  2376 | D:4      | Reached XP level 5. HP: 42/46 MP: 5/5
  2510 | D:4      | Noticed an orc warrior
  2535 | D:3      | Killed an orc warrior
  2535 | D:3      | Reached * piety under Makhleb
  2535 | D:3      | Reached skill level 5 in Axes
  2535 | D:3      | Reached skill level 5 in Shields
  2542 | D:3      | Reached XP level 6. HP: 16/55 MP: 6/6
  2860 | D:5      | Entered Level 5 of the Dungeon
  2860 | D:5      | Noticed Prince Ribbit
  2988 | D:5      | Killed Prince Ribbit
  2988 | D:5      | Reached XP level 7. HP: 46/61 MP: 6/6
  3464 | D:6      | Reached ** piety under Makhleb
  3561 | D:6      | Found a staircase to the Ecumenical Temple.
  3885 | D:6      | Found a stormy altar of Qazlal.
  3911 | D:6      | Noticed Maggie
  4081 | D:6      | Reached XP level 8. HP: 53/68 MP: 7/7
  4210 | D:7      | Reached skill level 10 in Axes
  4318 | D:7      | Found a sand-covered staircase.
  4324 | Ossuary  | Entered an ossuary
  4521 | Ossuary  | Reached *** piety under Makhleb
  4731 | D:7      | Identified a scroll of acquirement
  4731 | D:7      | Acquired a manual of Long Blades
  4822 | D:7      | Found a sparkling altar of Nemelex Xobeh.
  4840 | D:7      | Gained mutation: You passively map the area around you.
                  | [Deep Dwarf growth]
  4840 | D:7      | Reached XP level 9. HP: 74/74 MP: 0/7
  5362 | D:8      | Found a staircase to the Lair.
  5488 | D:8      | Noticed Erica
  5536 | D:8      | Killed Erica
  5591 | D:8      | Noticed Pikel
  5601 | D:8      | Killed Pikel
  5601 | D:8      | Reached skill level 5 in Long Blades
  5664 | D:8      | Noticed Harold
  5687 | D:8      | HP: 3/74 [acid (12)]
  5692 | D:8      | Killed Harold
  5692 | D:8      | Reached XP level 10. HP: 45/81 MP: 0/7
  5903 | D:9      | Noticed Joseph
  5934 | D:9      | HP: 6/81 [Joseph/+1 quarterstaff of distortion (20)]
  5942 | D:9      | Killed Joseph
  5974 | D:9      | Found Iluff's Book Shop.
  6048 | D:9      | Reached skill level 10 in Long Blades
  6116 | D:9      | Reached **** piety under Makhleb
  6141 | D:9      | Acquired a +1 demon blade of draining
  6486 | D:9      | Got a bloodstained chain mail
  6487 | D:9      | Identified the +8 chain mail of Foitarol {Rampage rC-
                  | Dex+3} (You found it on level 9 of the Dungeon)
  6607 | D:9      | Noticed a centaur warrior
  6607 | D:9      | Noticed a cyan ugly thing
  6620 | D:9      | Killed a centaur warrior
  6623 | D:9      | Killed a cyan ugly thing
  6625 | D:9      | Noticed a cyclops
  6626 | D:9      | Noticed a centaur warrior
  6626 | D:9      | Noticed a tengu warrior
  6626 | D:9      | Noticed a centaur warrior
  6637 | D:9      | Killed a cyclops
  6637 | D:9      | HP: 6/81 [centaur warrior/arrow (11)]
  6638 | D:9      | Slain by a tengu warrior

Table legend: (Time is in decaauts)
 A = Elapsed time spent in this place.
 B = Non-inter-level travel time spent in this place.
 C = Inter-level travel time spent in this place.
 D = Time resting spent in this place.
 E = Time spent auto-exploring this place.
 F = Levels seen in this place.
 G = Mean time per level.
                   A        B        C        D        E       F      G
               +--------+--------+--------+--------+--------+-----+--------+
         Total |   6706 |   6295 |    411 |    432 |   4301 |  10 |  670.6 |
       Dungeon |   6389 |   5978 |    411 |    432 |   4192 |   9 |  709.9 |
       Ossuary |    317 |    317 |      0 |      0 |    109 |   1 |  317.0 |
               +--------+--------+--------+--------+--------+-----+--------+

Top non-repeatable levels by time:
     D:1: 882 daAuts
     D:6: 811 daAuts
     D:7: 745 daAuts
     D:2: 727 daAuts
     D:3: 726 daAuts
     D:9: 708 daAuts
     D:4: 667 daAuts
     D:8: 651 daAuts
     D:5: 470 daAuts
 Ossuary: 317 daAuts

Table legend:
 A = Kills in this place as a percentage of kills in entire the game.
 B = Kills by you in this place as a percentage of kills by you in the entire game.
 C = Kills by friends in this place as a percentage of kills by friends in the entire game.
 D = Other kills in this place as a percentage of other kills in the entire game.
 E = Experience gained in this place as a percentage of experience gained in the entire game.
 F = Experience gained in this place divided by the number of levels of this place that you have seen.
                   A       B       C       D       E      F
               +-------+-------+-------+-------+-------+----------------------
         Total | 100.0 | 100.0 |   N/A |   N/A | 100.0 | 899.9
       Dungeon |  83.4 |  83.4 |   N/A |   N/A |  90.3 | 903.3
       Ossuary |  16.6 |  16.6 |   N/A |   N/A |   9.7 | 869.0
               +-------+-------+-------+-------+-------+----------------------

Action                   |  1- 3 |  4- 6 |  7- 9 | 10-12 || total
-------------------------+-------+-------+-------+-------++-------
Melee: War axe           |   100 |   136 |   374 |    66 ||   676
       Scimitar          |       |       |     3 |       ||     3
       Demon blade       |       |       |       |    76 ||    76
Invok: Minor Destruction |       |       |     7 |       ||     7
       Lesser Servant of |       |       |       |     1 ||     1
 Abil: Heal Wounds       |       |     7 |     7 |     7 ||    21
Evoke: Wand              |       |       |       |     4 ||     4
  Use: Scroll            |     5 |     2 |    12 |     3 ||    22
       Potion            |     1 |     1 |     1 |     2 ||     5
Armor: Scale mail        |    32 |       |       |       ||    32
       Chain mail        |    12 |    88 |   217 |    92 ||   409
Dodge: Dodged            |    50 |    45 |   113 |    38 ||   246
Block: Kite shield       |    14 |       |       |       ||    14
       Buckler           |    11 |    37 |    74 |    29 ||   151
       Rpst.: Scimitar   |       |       |     1 |       ||     1
       Demon blade       |       |       |       |     7 ||     7

Vanquished Creatures
  Harold (D:8)
  Erica (D:8)
  A centaur warrior (D:9)
  Pikel (D:8)
  A cyclops (D:9)
  An ugly thing (D:9)
  Joseph (D:9)
  Prince Ribbit (D:5)
  A water moccasin (D:9)
  A hornet zombie (D:9)
  2 orc warriors
  A phantom (D:8)
  2 ogres
  2 bullfrogs
  12 scorpions
  4 killer bees (D:9)
  A howler monkey (D:8)
  A bullfrog zombie (D:8)
  2 centaur zombies (Ossuary)
  A jelly (D:6)
  A bullfrog skeleton (D:5)
  3 human zombies (Ossuary)
  2 hounds
  5 orc priests
  7 orc wizards
  An iguana (D:7)
  7 worker ants
  A big kobold zombie (Ossuary)
  A hound zombie (D:7)
  3 mummies (Ossuary)
  2 scorpion zombies (Ossuary)
  8 adders
  2 shadow imps
  2 white imps (D:5)
  4 ufetubi
  An ooze (D:4)
  An adder zombie (D:8)
  2 adder skeletons
  A worm (D:2)
  3 dart slugs
  4 leopard geckos
  27 orcs
  2 ball pythons
  2 bats (D:1)
  3 giant cockroaches
  3 gnoll zombies (Ossuary)
  7 goblins
  6 hobgoblins
  3 jackals (D:2)
  A quokka (D:8)
  6 frilled lizards
  A hobgoblin zombie (Ossuary)
  6 kobolds
  2 kobold zombies (Ossuary)
  A leopard gecko skeleton (D:6)
  3 orc zombies (Ossuary)
  A quokka skeleton (D:5)
  2 rats (D:3)
175 creatures vanquished.
